 Dungeon Crawl Stone Soup version 0.30.0-29-ga12c61a403 (webtiles) character file.

Game seed: 5440019806822651530

93 ChadusMaximus the Caller (level 4, -2/30 HPs)
             Began as a Barachi Summoner on June 24, 2023.
             Slain by Sigmund
             ... wielding a +0 scythe
              (9 damage)
             ... on level 3 of the Dungeon.
             The game lasted 00:01:51 (2125 turns).

ChadusMaximus the Caller (Barachi Summoner)         Turns: 2125, Time: 00:01:51

Health: -2/30      AC:  2    Str:  9    XL:     4   Next: 62%
Magic:  8/8        EV: 10    Int: 17    God:
Gold:   164        SH:  0    Dex: 13    Spells: 8/9 levels left

rFire   . . .        c - +2 short sword (speed)
rCold   . . .        (no shield)
rNeg    . . .        a - +0 robe
rPois   .            (no helmet)
rElec   .            (no cloak)
rCorr   .            (no gloves)
SInv    .            (no boots)
Will    .....        (no amulet)
Stlth   ++           (no ring)
HPRegen 0.25/turn    (no ring)
MPRegen 0.11/turn

%: no passive effects
@: unable to hop, constricted, slow
A: amphibious, slowness 1, strong legs 1, +LOS
a: Hop


You were on level 3 of the Dungeon.
You visited 1 branch of the dungeon, and saw 3 of its levels.

You collected 164 gold pieces.

Inventory:

Hand Weapons
 c - a +2 short sword of speed (weapon)
 l - a +0 sling
Armour
 a - a +0 robe (worn)
Jewellery
 q - a ring of see invisible
Scrolls
 d - a scroll of immolation {unknown}
 f - a scroll of blinking {unknown}
 h - a scroll of torment {unknown}
 m - a scroll of enchant armour {unknown}
 o - a scroll of vulnerability {unknown}
 r - a scroll of magic mapping {unknown}
 s - a scroll of identify {unknown}
 t - a scroll of teleportation {unknown}
Potions
 b - a potion of magic
 e - 2 potions of cancellation {unknown}
 g - 4 potions of curing {unknown}
 i - 2 potions of mutation {unknown}
 j - 2 potions of heal wounds {unknown}
 k - 4 potions of might {unknown}
 n - a potion of resistance {unknown}
 p - a potion of flight {unknown}


   Skills:
 + Level 3.4 Dodging
 - Level 1.8 Stealth
 + Level 3.2 Spellcasting
 + Level 5.6 Summonings


You had 8 spell levels left.
You knew the following spells:

 Your Spells              Type           Power      Damage    Failure   Level
a - Summon Small Mammal   Summ           88%        N/A       1%          1

Your spell library contained the following spells:

 Spells                   Type           Power      Damage    Failure   Level
 Call Imp                 Summ           44%        N/A       2%          2
 Call Canine Familiar     Summ           22%        N/A       4%          3
 Summon Guardian Golem    Hex/Summ       12%        N/A       16%         3
 Summon Lightning Spire   Summ/Air       12%        N/A       47%         4


Dungeon Overview and Level Annotations

Branches:
Dungeon (3/15)

Altars:
Fedhas

Shops:
D:3 !

Annotations:
D:3 Sigmund


Innate Abilities, Weirdness & Mutations

You are amphibious.
You cover ground slowly.
You can hop short distances.
You have an extended range of vision and can be seen from far away.


Message History

There are monsters nearby!
Sigmund hits you from afar with a +0 scythe!
Hop to where?
Press: ? - help, Dir - move target Boing!
Sigmund giggles. "Time to reap what you sow."
The ball python closely misses you. The ball python grabs you.
The ball python constricts you.
The endoplasm quivers.
You hit the endoplasm.
The endoplasm is moderately wounded.
The endoplasm freezes you.
You are frozen.
You hit the endoplasm.
The endoplasm is severely wounded.
The ball python barely misses you. The ball python constricts you.
The endoplasm closely misses you.
You hit the endoplasm.
You kill the endoplasm!
The ball python barely misses you. The ball python constricts you.
Sigmund casts a spell.
Sigmund flickers and vanishes!
Deactivating autopickup; reactivate with Ctrl-A.
You escape the ball python's grasp.
The ball python attacks as you move away!
The ball python barely misses you. The ball python misses you.
A gnoll comes into view. It is wielding a +0 spear.
There is an escape hatch in the ceiling here.
The ball python bites you.
* * * LOW HITPOINT WARNING * * *
The ball python grabs you.
You stop ascending the stairs.
The ball python constricts you.
Unknown command.
You hit the ball python.
You punch the ball python, but do no damage.
The ball python is severely wounded.
The ball python barely misses you. The ball python constricts you.
* * * LOW HITPOINT WARNING * * *
Something hits you!
You die...

.#....# ........ .......#
.#......#....... $.......
.#...# .#....... #####........
.#...# ......... #.?..........
.#...##......... #....?.......
......†.........###............
......†..........##.>.......#
.....)...........##.....###
......#.........@S{.......#
†.....#...................#
......#
................♣♣♣♣♣♣♣♣♣
......#
.....#######$..♣.........
......######## ####♣.§≈≈≈≈≈≈.
..###...# ###### ♣≈..≈≈§..≈
..###...### #....####♣§§≈)..≈.≈
..........# #........♣≈§≈.§.≈.≈
..........# #........♣≈.≈...§.§


You could see a ball python.

Vanquished Creatures
  2 adders (D:3)
  A dart slug (D:1)
  4 orcs (D:3)
  5 ball pythons
  7 bats
  10 endoplasms
  2 giant cockroaches
  4 hobgoblins
  2 jackals (D:1)
  3 quokkas
  A frilled lizard (D:1)
  4 goblins
  5 kobolds
  3 rats
53 creatures vanquished.

Vanquished Creatures (collateral kills)
  2 orcs (D:3)
  A bat (D:1)
  3 kobolds
  A rat (D:3)
7 creatures vanquished.

Grand Total: 60 creatures vanquished

Notes
Turn   | Place    | Note
-------+----------+-------------------------------------------
     0 | D:1      | ChadusMaximus the Barachi Summoner began the quest for the
                  | Orb.
     0 | D:1      | Reached XP level 1. HP: 13/13 MP: 3/3
   156 | D:1      | Reached skill level 5 in Summonings
   156 | D:1      | Reached XP level 2. HP: 14/19 MP: 5/5
   596 | D:1      | Reached XP level 3. HP: 23/24 MP: 7/7
  1194 | D:2      | Noticed a golden eye
  1197 | D:2      | Noticed a shining eye
  1202 | D:2      | Found a faded altar of an unknown god.
  1203 | D:2      | Noticed a shining eye
  1210 | D:2      | Noticed a shining eye
  1532 | D:3      | Reached XP level 4. HP: 30/30 MP: 8/8
  1798 | D:3      | Found a blossoming altar of Fedhas.
  1822 | D:3      | Found Axipp's Distillery.
  2114 | D:3      | Noticed Sigmund
  2125 | D:3      | Slain by Sigmund

Illustrated notes

Levels and vault maps discovered:
D:1:      onia_arrival_pentagram, layout_basic
D:2:      layout_basic, hellmonk_ecumenical_altar_watching_god
D:3:      layout_basic, mainiacjoe_overflow_paths, serial_shops, shop,
          nicolae_shop_industrial_runoff, uniq_sigmund

Skill      XL: |  1  2  3 |
---------------+----------+-----
Summonings     | 5 |  5.6
Dodging        | 3 |  3.4
Spellcasting   | 3 |  3.2
Stealth        | |  1.8

Action                     |  1- 3 |  4- 6 || total
---------------------------+-------+-------++-------
  Melee: Short sword       |   129 |    44 ||   173
         Unarmed           |     1 |       ||     1
         Punch             |       |     1 ||     1
   Cast: Summon Small Mamm |     2 |     5 ||     7
Ability: Hop               |       |     1 ||     1
   Stab: Sleeping          |     6 |     2 ||     8
 Armour: Robe              |    19 |     5 ||    24
  Dodge: Dodged            |    71 |    38 ||   109
